Map: Blackpink LE

Players

Scarlett

  • Race: Zerg Zerg
  • League: Master
  • Spawn Location: 1:00

Solar - Winner!

  • Race: Zerg Zerg
  • League: Master
  • Spawn Location: 7:00

Event: Memes & Dreams Invitational

VOD

Have the link to the VOD?

Description

Time

  • Played on: April 15, 2018, 12:26 a.m.
  • Length: 9:10

All games in this series

Show
View Real Time Build Order
Export as new Build Order

Scarlett Zerg 

Build Orders: Hatch First 

Get SALT Encoding   

  12  0:00  Drone  
  13  0:08  Drone  
  14  0:16  Extractor, Drone  
  15  0:21  Overlord  
  15  0:44  Hatchery  
  15  0:47  Drone  
  15  0:51  Drone  
  15  0:52  Extractor  
  15  1:08  Spawning Pool  
  14  1:12  Drone  
  14  1:15  Drone  
  16  1:19  Drone  
  17  1:29  Overlord  
  17  1:54  Queen, Metabolic Boost  
  17  1:57  Queen  
  17  2:01  Zergling x2  
  22  2:04  Zergling x2  
  23  2:10  Zergling x2  
  23  2:11  Zergling x2  
  23  2:13  Zergling x2  
  26  2:16  Zergling x2  
  26  2:19  Zergling x2  
  28  2:27  Zergling x2  
  28  2:29  Zergling x2  
  30  2:37  Overlord  
  30  2:43  Zergling x2  
  31  2:50  Zergling x4  
  32  2:59  Zergling x2  
  32  3:03  Zergling x8  
  37  3:16  Zergling x8  
  41  3:21  Overlord  
  40  3:39  Zergling x4  
  41  3:41  Zergling x2  
  41  3:42  Zergling x8  
  45  4:01  Zergling x8  
  44  4:08  Drone x2  
  41  4:15  Drone x4  
  41  4:16  Queen  
  44  4:32  Drone x5  
  44  4:38  Baneling Nest  
  48  4:47  Drone x3  
  48  4:51  Overlord  
  51  5:02  Drone, Overlord  
  49  5:16  Drone x8  
  57  5:23  Baneling x3  
  57  5:26  Drone, Overlord  
  57  5:27  Drone  
  59  5:31  Extractor  
  59  5:33  Roach Warren  
  57  5:46  Drone x2  
  57  5:47  Drone x2  
  61  5:57  Hatchery  
  60  6:12  Overlord  
  55  6:24  Drone, Lair  
  55  6:25  Drone x8  
  61  6:28  Extractor, Hatchery  
  61  6:31  Roach  
  60  6:34  Extractor  
  60  6:36  Baneling x2  
  60  6:37  Roach x2  
  63  6:41  Queen  
  64  6:47  Roach x2  
  68  6:59  Roach  
  68  7:00  Roach x3  
  75  7:03  Drone x3  
  75  7:13  Roach  
  75  7:14  Roach  
  79  7:18  Hatchery  
  79  7:22  Hydralisk Den  
  79  7:24  Overlord  
  79  7:28  Evolution Chamber  
  77  7:36  Overlord  
  77  7:37  Overlord  
  75  7:41  Queen x2  
  79  7:45  Overlord x2  
  79  7:46  Drone x2  
  79  7:49  Unknown x2  
  81  7:52  Spore Crawler  
  81  7:55  Hydralisk x4, Muscular Augments  
  81  7:56  Spore Crawler  
  81  7:57  Spore Crawler  
  86  7:59  Overlord  
  84  8:19  Hydralisk x6  
  94  8:29  Hydralisk  
  94  8:30  Hydralisk x2  
  98  8:39  Hydralisk x3  
  100  8:45  Overlord x2  
Show
View Real Time Build Order
Export as new Build Order

Solar Zerg - Winner!

Build Orders: Hatch First 

Get SALT Encoding   

  12  0:01  Drone  
  13  0:13  Overlord  
  13  0:17  Drone  
  14  0:32  Drone x2  
  14  0:35  Drone  
  17  0:52  Hatchery  
  16  1:04  Spawning Pool  
  16  1:07  Drone  
  16  1:10  Extractor  
  15  1:13  Drone  
  15  1:15  Drone  
  17  1:20  Drone  
  18  1:34  Drone  
  19  1:48  Overlord  
  19  1:51  Queen  
  19  1:52  Drone  
  22  2:03  Queen  
  22  2:04  Drone x2  
  26  2:10  Metabolic Boost  
  26  2:12  Drone  
  26  2:15  Zergling x2  
  28  2:29  Zergling x2  
  29  2:34  Hatchery  
  29  2:36  Drone  
  29  2:45  Baneling Nest  
  29  2:46  Drone  
  29  2:48  Drone  
  29  2:50  Drone  
  31  2:54  Overlord  
  31  2:58  Drone  
  32  3:01  Drone  
  33  3:11  Zergling x4  
  33  3:12  Zergling x2  
  36  3:15  Zergling x6  
  36  3:17  Zergling x2  
  40  3:20  Zergling x2  
  40  3:29  Queen  
  36  3:35  Baneling  
  36  3:36  Zergling x2  
  36  3:37  Zergling x2  
  36  3:39  Zergling x2  
  37  3:41  Baneling  
  37  3:43  Zergling x6  
  37  3:44  Baneling x4  
  37  3:45  Zergling x2  
  37  3:48  Zergling x2  
  43  3:55  Zergling x2  
  43  4:02  Queen  
  40  4:13  Baneling Nest  
  40  4:14  Overlord  
  40  4:15  Drone  
  39  4:17  Drone  
  39  4:19  Drone  
  39  4:21  Zergling x2  
  39  4:24  Zergling x2  
  43  4:29  Zergling x2  
  43  4:34  Zergling x4  
  43  4:35  Drone  
  43  4:36  Drone  
  47  4:43  Overlord  
  46  4:46  Drone x2  
  46  4:50  Drone  
  49  4:55  Drone  
  50  5:00  Lair  
  50  5:01  Extractor  
  50  5:02  Drone x2  
  50  5:05  Drone  
  52  5:07  Drone  
  52  5:10  Overlord  
  52  5:12  Drone  
  54  5:15  Zergling x2  
  55  5:21  Drone x3  
  55  5:22  Extractor  
  55  5:23  Drone  
  55  5:24  Drone  
  59  5:28  Baneling x2  
  59  5:29  Overlord  
  59  5:34  Zergling x2  
  60  5:41  Drone  
  61  5:42  Extractor  
  61  5:43  Zergling x2  
  61  5:45  Drone x2  
  61  5:47  Drone x3  
  61  5:48  Drone  
  66  5:53  Baneling x2  
  66  5:55  Zergling x4  
  68  6:00  Spire  
  68  6:03  Zergling x2  
  68  6:06  Zergling x2  
  68  6:07  Spine Crawler  
  68  6:11  Overlord x2  
  68  6:12  Overlord  
  68  6:15  Overseer  
  68  6:16  Zergling x2  
  66  6:22  Zergling x10  
  69  6:32  Spine Crawler  
  66  6:35  Baneling x2  
  66  6:50  Overlord  
  66  6:54  Hatchery  
  64  7:07  Zergling x6  
  64  7:08  Zergling x4  
  63  7:12  Mutalisk x6  
  63  7:13  Mutalisk  
  63  7:14  Spine Crawler  
  74  7:24  Mutalisk  
  74  7:29  Mutalisk  
  74  7:32  Drone x3  
  74  7:35  Roach Warren  
  75  7:40  Drone  
  76  7:45  Mutalisk  
  76  7:46  Zergling x2  
  76  7:47  Zergling x4  
  81  7:54  Zergling x4  
  83  8:13  Overlord  
  83  8:16  Roach  
  83  8:17  Roach x2  
  83  8:18  Roach x2  
  83  8:19  Roach x2  
  97  8:21  Roach  
  97  8:24  Roach  
  102  8:27  Roach  
  102  8:29  Roach  
  102  8:31  Roach  
  106  8:36  Roach  
  106  8:38  Roach  
  106  8:39  Roach  
  106  8:40  Roach  
  110  8:42  Roach  
  110  8:45  Zergling x2  
  113  8:51  Roach  
Tags
 
Add a new tag
Caveats
  • Supply blocks, unpowered buildings, or Contaminate may cause inaccurate times.
  • Supply counts are checked every 10 seconds.